 Dungeon Crawl Stone Soup version 0.14-a0-3154-g428849b (webtiles) character file.

978 Quh the Conjurer (level 7, -6/36 HPs)
             Began as a Deep Elf Conjurer on Mar 9, 2014.
             Mangled by Pikel
             ... wielding a +1,+1 whip of electrocution
              (18 damage)
             ... on Level 4 of the Dungeon.
             The game lasted 00:18:08 (3914 turns).

Quh the Conjurer (Deep Elf Conjurer)                Turns: 3914, Time: 00:18:08

HP  -6/36        AC  3     Str  8      XL: 7   Next: 44%
MP  13/20        EV 13     Int 21      God:
Gold 250         SH  0     Dex 15      Spells:  3 memorised,  4 levels left

rFire  . . .     SeeInvis .     p - staff of conjuration
rCold  . . .     Clarity  .     C - +0 robe
rNeg   . . .     Conserve .     (no shield)
rPois  .         rCorr    .     (helmet restricted)
rElec  .         rRot     .     (no cloak)
SustAb . .       Spirit   .     (no gloves)
rMut   .         Warding  .     g - +0 pair of boots
Saprov . . .     Stasis   .     (no amulet)
MR     .....                    (no ring)
                                B - ring of sustenance

@: not resistant to hostile enchantments, fairly stealthy
A: claws 1, horns 1, strong 1
a: no special abilities


You were on level 4 of the Dungeon.
You were very hungry.

You visited 1 branch of the dungeon, and saw 5 of its levels.

You collected 250 gold pieces.

Inventory:

Armour
 a - a +0 robe
 g - a +0 pair of boots (worn)
 C - a +0 robe (worn)
Magical devices
 t - a wand of digging (4) {unknown}
 w - a wand of disintegration (11) {unknown}
Comestibles
 b - 5 bread rations
 i - a pear
 k - 3 meat rations
 m - 2 apples
 q - a snozzcumber
 u - an apricot
Scrolls
 e - 2 scrolls of enchant armour
 h - a scroll of teleportation {unknown}
 n - a scroll of noise {unknown}
 o - 3 scrolls of remove curse
 r - 2 scrolls of fog {unknown}
 s - a scroll of immolation {unknown}
 v - a scroll of recharging {unknown}
 x - a scroll of random uselessness {unknown}
 y - 2 scrolls of enchant weapon I {unknown}
 z - a scroll of blinking {unknown}
 A - a scroll of fear {unknown}
Jewellery
 B - a ring of sustenance (left claw)
Potions
 d - a potion of might
 f - 4 potions of agility
 j - a potion of heal wounds
 l - 2 potions of restore abilities
Books
 c - a book of Conjurations

   Spells                             Type                      Level
   *Magic Dart                        Conjuration                  1
   *Searing Ray                       Conjuration                  2
   Dazzling Spray                     Conjuration/Hexes            3
   Fulminant Prism                    Conjuration/Hexes            4
   Iskenderun's Mystic Blast          Conjuration                  4
   *Iskenderun's Battlesphere         Conjuration/Charms           5
Magical staves
 p - an uncursed staff of conjuration (weapon)


   Skills:
 - Level 2.4 Dodging
 - Level 2.4 Stealth
 - Level 3.0 Spellcasting
 * Level 9.7 Conjurations
 * Level 3.3 Charms


You had 4 spell levels left.
You knew the following spells:

 Your Spells              Type           Power        Failure   Level  Hunger
a - Magic Dart            Conj           ####         1%          1    None
b - Searing Ray           Conj           ######       1%          2    ##.....
c - Iskenderun's Battles  Conj/Chrm      #####...     28%         5    #####..


Dungeon Overview and Level Annotations

Branches:
Dungeon (5/16)
 Temple: D:4-7

Altars:
Xom
Jiyva

Annotations:
D:4 Pikel


Innate Abilities, Weirdness & Mutations

You have sharp fingernails.
You have a pair of small horns on your head.
Your muscles are strong. (Str +2)


Message History

You are electrocuted!
Ouch! That really hurt!
* * * LOW HITPOINT WARNING * * *
Casting: Searing Ray
Confirm with . or Enter, or press ? or * to list all spells.
You don't know that spell.
Drink which item? (? for menu, Esc to quit)
You feel much better.
Pikel hits you with a whip of electrocution!
Casting: Searing Ray
Confirm with . or Enter, or press ? or * to list all spells.
Aiming: Searing Ray
Press: ? - help, Shift-Dir - straight line, f/p - Pikel
Aim: Pikel, wielding a whip of electrocution and wearing a robe (heavily wounded)
You feel a surge of power!
The searing ray hits Pikel.
Pikel is heavily wounded.
Pikel hits you with a whip of electrocution!
You are electrocuted!
Ouch! That really hurt!
You die...

##.#.###.#.........#.....#
##.###..#.......##.###..#.#
##.#...#.........#.#...#.#.#
#.##.>.##.#.......##.>.##K.#
##.#...#.##......#.#...#.#.#
##.###^.........##.###.# .#
##.#.########.####.#.... #
#..## ##.#@..###.# # ##.#
##.#@K#.....# #.#
##.###...##### #.#
##.#...#.## #[###.##.>.##.#
#.[[...#...#.##
#######.###..# ##.#.###
##.## ###


You could see Pikel and a slave.

Vanquished Creatures
  Menkaure (D:4)
  2 phantoms (D:4)
  3 slaves (D:4)
  Blork the orc (D:4)
  A giant frog (D:4)
  A crimson imp (D:4)
  2 hounds
  2 orc wizards (D:4)
  2 worker ants (D:4)
  4 adders
  9 orcs
  3 giant cockroaches
  9 goblins
  9 hobgoblins
  A jackal (D:4)
  A ball python (D:1)
  10 bats
  6 giant newts
  6 kobolds
  7 rats
80 creatures vanquished.

Notes
Turn   | Place    | Note
--------------------------------------------------------------
     0 | D:1      | Quh, the Deep Elf Conjurer, began the quest for the Orb.
     0 | D:1      | Reached XP level 1. HP: 10/10 MP: 5/5
   139 | D:1      | Found a viscous altar of Jiyva.
   139 | D:1      | Noticed a brown ooze
   153 | D:1      | Noticed a brown ooze
   153 | D:1      | Noticed a jelly
   153 | D:1      | Noticed a jelly
   499 | D:1      | Reached XP level 2. HP: 15/15 MP: 4/8
   516 | D:1      | Learned a level 2 spell: Searing Ray
   624 | D:1      | Reached skill level 5 in Conjurations
  1239 | D:2      | Reached XP level 3. HP: 19/19 MP: 5/10
  1591 | D:3      | Gained mutation: You have a pair of small horns on your head. [potion of mutation]
  1591 | D:3      | Gained mutation: You have sharp fingernails. [potion of mutation]
  1591 | D:3      | Gained mutation: You have supernaturally acute eyesight. [potion of mutation]
  1592 | D:3      | Gained mutation: You have a slow metabolism. [potion of mutation]
  1592 | D:3      | Gained mutation: Armour fits poorly on your strangely shaped body. [potion of mutation]
  1592 | D:3      | Lost mutation: You have supernaturally acute eyesight. [potion of mutation]
  1593 | D:3      | Gained mutation: You are frail (-10% HP). [potion of mutation]
  1593 | D:3      | Gained mutation: Your muscles are strong. (Str +2) [potion of mutation]
  1594 | D:3      | Lost mutation: You are frail (-10% HP). [potion of mutation]
  1594 | D:3      | Lost mutation: Armour fits poorly on your strangely shaped body. [potion of mutation]
  1594 | D:3      | Lost mutation: You have a slow metabolism. [potion of mutation]
  1596 | D:3      | Found a shimmering altar of Xom.
  1628 | D:3      | You fall through a shaft for 2 floors!
  1628 | D:5      | Entered Level 5 of the Dungeon
  1631 | D:5      | Reached skill level 6 in Conjurations
  1631 | D:5      | Reached XP level 4. HP: 24/24 MP: 7/13
  1746 | D:5      | Noticed an ogre
  1957 | D:4      | Reached skill level 7 in Conjurations
  1957 | D:4      | Reached XP level 5. HP: 23/28 MP: 6/16
  1998 | D:4      | Noticed a phantom
  2034 | D:4      | Killed a phantom
  2068 | D:4      | Reached skill level 8 in Conjurations
  2328 | D:4      | Reached XP level 6. HP: 32/32 MP: 16/18
  2334 | D:4      | Noticed a phantom
  2365 | D:4      | Killed a phantom
  2526 | D:4      | Noticed a giant frog
  2532 | D:4      | Killed a giant frog
  2532 | D:4      | Reached skill level 9 in Conjurations
  2714 | D:4      | Noticed Blork the orc
  3234 | D:4      | Reached XP level 7. HP: 36/36 MP: 15/20
  3247 | D:4      | Learned a level 5 spell: Iskenderun's Battlesphere
  3261 | D:4      | Killed Blork the orc
  3261 | D:4      | Reached skill level 1 in Charms
  3280 | D:4      | Noticed Menkaure
  3418 | D:4      | Killed Menkaure
  3728 | D:4      | Noticed a slave
  3735 | D:4      | Noticed a slave
  3736 | D:4      | Noticed a slave
  3738 | D:4      | Killed a slave
  3742 | D:4      | Killed a slave
  3748 | D:4      | Killed a slave
  3762 | D:4      | Noticed Pikel
  3911 | D:4      | Noticed a slave
  3914 | D:4      | Mangled by Pikel

Action                   |  1- 3 |  4- 6 |  7- 9 || total
-------------------------+-------+-------+-------++-------
Melee: Unarmed           |     3 |       |       ||     3
       Staff             |       |    14 |     6 ||    20
 Cast: Magic Dart        |    64 |    66 |    30 ||   160
       Searing Ray       |     1 |    34 |    18 ||    53
       Iskenderun's Batt |       |       |     1 ||     1
  Use: Potion            |     4 |     1 |     2 ||     7
       Scroll            |     1 |     3 |     1 ||     5
